 Dungeon Crawl Stone Soup version 0.13-a0-1672-g2e244fd (webtiles) character file.

160 Kae the Chiller (level 4, -2/30 HPs)
             Began as a Demonspawn Ice Elementalist on June 19, 2013.
             Slain by an ogre
             ... wielding a +0,+0 giant club
              (15 damage)
             ... on Level 2 of the Dungeon.
             The game lasted 00:02:54 (1948 turns).

Kae the Chiller (Demonspawn Ice Elementalist)       Turns: 1948, Time: 00:02:54

HP  -2/30        AC  2     Str  8      XL: 4   Next: 15%
MP   5/8         EV 12     Int 18      God:
Gold 82          SH  0     Dex 13      Spells:  2 memorised,  4 levels left

Res.Fire  : . . .   See Invis. : .   (no weapon)
Res.Cold  : . . .   Warding    : .   a - +0 robe
Life Prot.: . . .   Conserve   : .   (no shield)
Res.Poison: .       Res.Corr.  : .   (helmet restricted)
Res.Elec. : .       Clarity    : .   (no cloak)
Sust.Abil.: . .     Spirit.Shd : .   (no gloves)
Res.Mut.  : .       Stasis     : .   (no boots)
Res.Rott. : .       Flight     : .   (no amulet)
Saprovore : . . .                    (no ring)
                                     (no ring)

@: slightly resistant to hostile enchantments, fairly stealthy
A: claws 1, horns 1, conserve scrolls
a: no special abilities


You were on level 2 of the Dungeon.
You were not hungry.

You visited 1 branch of the dungeon, and saw 2 of its levels.

You collected 62 gold pieces.

Inventory:

Armour
 a - a +0 robe (worn)
Comestibles
 c - 2 bread rations
 h - a pear
 i - a meat ration
Scrolls
 e - 2 scrolls of enchant armour {unknown}
 f - a scroll of enchant weapon II {unknown}
 k - a scroll of curse jewellery {unknown}
Jewellery
 l - an uncursed ring of magical power {unknown}
Potions
 d - a potion of curing {unknown}
 g - 2 potions of degeneration {unknown}
 j - a potion of mutation {unknown}
Books
 b - a book of Frost

   Spells                             Type                      Level
   *Freeze                            Ice                          1
   *Throw Frost                       Conjuration/Ice              2
   Ozocubu's Armour                   Charms/Ice                   3
   Throw Icicle                       Conjuration/Ice              4
   Summon Ice Beast                   Ice/Summoning                4
   Condensation Shield                Ice                          4


   Skills:
 - Level 1.7 Dodging
 - Level 1.7 Stealth
 + Level 2.0 Spellcasting
 * Level 2.0 Conjurations
 * Level 3.7 Ice Magic


You had 4 spell levels left.
You knew the following spells:

 Your Spells              Type           Power        Failure   Level  Hunger
a - Freeze                Ice            ###.         4%          1    #......
b - Throw Frost           Conj/Ice       ##....       12%         2    ##.....


Dungeon Overview and Level Annotations

Branches:
Dungeon (2/27)

Altars:


Innate Abilities, Weirdness & Mutations

You have sharp fingernails.
You have a pair of small horns on your head.
You are very good at protecting items from fire.


Message History

The ogre is moderately wounded.
The ogre hits you with a giant club!
Ouch! That really hurt!
Casting: Freeze
Confirm with . or Enter, or press ? or * to list all spells.
Aiming: Freeze
Press: ? - help, Shift-Dir - straight line, f/p - ogre
Aim: an ogre, wielding a giant club (moderately wounded)
You freeze the ogre.
The ogre is heavily wounded.
Casting: Freeze
Confirm with . or Enter, or press ? or * to list all spells.
Aiming: Freeze
Press: ? - help, Shift-Dir - straight line, f/p - ogre
Aim: an ogre, wielding a giant club (heavily wounded)
You freeze the ogre.
The ogre is heavily wounded.
The ogre hits you with a giant club!
Ouch! That really hurt!
You die...

..# %.. ..# #.# #.#
#.# #.# #+#
#O#######.#
##@##......#
#..!#.# #..##
#..?..# #...##
#...#.###....####.#
#####..%...........
######.######.# #.#
#.# #.#


You could see an ogre.

Vanquished Creatures
  An adder (D:2)
  4 gnolls
  3 giant geckos
  7 bats
  4 giant cockroaches (D:1)
  2 goblins
  A hobgoblin (D:1)
  A kobold (D:2)
  A ball python (D:1)
  2 giant newts
  2 rats
28 creatures vanquished.

Vanquished Creatures (others)
  A rat (D:2)
1 creature vanquished.

Grand Total: 29 creatures vanquished

Notes
Turn   | Place    | Note
--------------------------------------------------------------
     0 | D:1      | Kae, the Demonspawn Ice Elementalist, began the quest for the Orb.
     0 | D:1      | Reached XP level 1. HP: 13/13 MP: 3/3
   132 | D:1      | Reached skill level 3 in Ice Magic
   158 | D:1      | Gained mutation: You have a pair of small horns on your head. [demonic ancestry]
   158 | D:1      | Reached XP level 2. HP: 4/19 MP: 1/4
   718 | D:1      | Learned a level 2 spell: Throw Frost
  1005 | D:2      | Gained mutation: You have sharp fingernails. [demonic ancestry]
  1005 | D:2      | Reached XP level 3. HP: 10/24 MP: 1/6
  1641 | D:2      | Gained mutation: You are very good at protecting items from fire. [demonic ancestry]
  1641 | D:2      | Reached XP level 4. HP: 5/30 MP: 1/8
  1942 | D:2      | Noticed an ogre
  1948 | D:2      | Slain by an ogre

Action                   |  1- 3 |  4- 6 || total
-------------------------+-------+-------++-------
Melee: Unarmed           |    38 |       ||    38
 Cast: Freeze            |    47 |     6 ||    53
